 Dungeon Crawl Stone Soup version 0.26-a0-501-g5717042 (webtiles) character file.

Game seed: 11899052820401098641

565 robertstho the Chiller (level 7, -1/37 HPs)
             Began as a Deep Elf Ice Elementalist on Aug 7, 2020.
             Killed by divine providence
             ... invoked by an orc priest
              (13 damage)
             ... on level 4 of the Dungeon.
             The game lasted 00:05:52 (4260 turns).

robertstho the Chiller (Deep Elf Ice Elementalist)  Turns: 4260, Time: 00:05:53

Health: -1/37      AC:  7    Str:  5    XL:     7   Next: 10%
Magic:  13/18      EV: 14    Int: 22    God:
Gold:   182        SH:  0    Dex: 15    Spells: 11/18 levels left

rFire    . . .     SeeInvis .   g - +0 dagger (venom)
rCold    . . .     Faith    .   (no shield)
rNeg     . . .     Spirit   .   a - +0 robe
rPois    .         Reflect  .   r - +1 helmet
rElec    .         Harm     .   (no cloak)
rCorr    .                      n - +2 pair of gloves
MR       .....                  (no boots)
Stlth    +++.......             (no amulet)
HPRegen  0.12/turn              (no ring)
MPRegen  0.16/turn              (no ring)

@: frozen ramparts
A: no striking features
a: no special abilities


You were on level 4 of the Dungeon.
You visited 1 branch of the dungeon, and saw 4 of its levels.

You collected 182 gold pieces.

Inventory:

Hand Weapons
 b - a +0 short sword
 f - a +0 dagger of protection
 g - a +0 dagger of venom (weapon)
Armour
 a - a +0 robe (worn)
 n - a +2 pair of gloves (worn)
 r - a +1 helmet (worn)
Wands
 p - a wand of acid (14)
Scrolls
 e - 4 scrolls of identify {unknown}
 h - a scroll of magic mapping {unknown}
 i - a scroll of enchant weapon {unknown}
 j - a scroll of remove curse {unknown}
 k - a scroll of teleportation {unknown}
 m - a scroll of fog {unknown}
 s - a scroll of enchant armour {unknown}
Potions
 c - 3 potions of curing
 d - a potion of might {unknown}
 l - 2 potions of stabbing {unknown}
 o - 2 potions of brilliance {unknown}
 q - a potion of flight {unknown}


   Skills:
 + Level 0.5 Fighting
 + Level 1.9 Short Blades
 + Level 3.8 Dodging
 * Level 5.0 Stealth
 * Level 6.1 Spellcasting
 * Level 6.2 Ice Magic


You had 11 spell levels left.
You knew the following spells:

 Your Spells              Type           Power        Failure   Level
a - Freeze                Ice            ####         1%          1
b - Frozen Ramparts       Ice            ####..       1%          3
c - Ozocubu's Armour      Ice            ####....     1%          3

Your spell library contained the following spells:

 Spells                   Type           Power        Failure   Level
 Hailstorm                Conj/Ice       ###.....     26%         4
 Summon Ice Beast         Ice/Summ       ###.....     26%         4


Dungeon Overview and Level Annotations

Branches:
Dungeon (4/15)
 Temple: D:4-7

Altars:
Ru

Portals:
Abyss: D:4

Annotations:
D:4 1 transporter, timneilson's ghost, novice HOFi


Message History

You freeze the orc priest.
The orc priest is moderately wounded.
The wall freezes the orc priest. x2; The orc priest barely misses you.
The wall freezes the orc!
You kill the orc!
Casting: Freeze (safe; 1% risk of failure)
Confirm with . or Enter, or press ? or * to list all spells.
Aiming: Freeze (safe; 1% risk of failure)
Press: ? - help, Shift-Dir - straight line, f/p - orc priest
Aim: an orc priest (moderately wounded)
You freeze the orc priest!
The orc priest is almost dead.
The orc priest closely misses you.
The wall freezes the orc priest!
You kill the orc priest!
The wall freezes the orc wizard.
The orc wizard points at you and mumbles some strange words.
The puff of frost hits you.
The orc priest calls down the wrath of Beogh upon you.
Beogh smites you!
You die...

#.## ##.. ...
#.###.#####># #...
#...........###...#
##########..!.....#
#.........
###.........
##.......##..
##.....†.##...
#....@........
#...##)o...... #...
.o.......
#.............
##.......w.#..
#........##.
#.........#
...........


You could see a worm, an orc priest and an orc wizard (fast).

Vanquished Creatures
  Sigmund (D:2)
  An ogre (D:4)
  A scorpion (D:3)
  2 hounds (D:4)
  An orc priest (D:4)
  A worker ant (D:2)
  6 adders
  An ooze (D:1)
  5 worms
  2 leopard geckos
  4 orcs
  2 ball pythons
  9 giant cockroaches
  5 goblins (D:1)
  6 hobgoblins
  6 jackals (D:3)
  7 kobolds
  A quokka (D:3)
  5 bats
  6 frilled lizards
  8 rats
80 creatures vanquished.

Notes
Turn   | Place    | Note
-------+----------+-------------------------------------------
     0 | D:1      | robertstho the Deep Elf Ice Elementalist began the quest
                  | for the Orb.
     0 | D:1      | Reached XP level 1. HP: 10/10 MP: 6/6
    95 | D:1      | Reached XP level 2. HP: 7/15 MP: 2/8
  1033 | D:1      | Reached skill level 5 in Ice Magic
  1033 | D:1      | Reached XP level 3. HP: 6/19 MP: 7/9
  1245 | D:1      | Learned a level 3 spell: Frozen Ramparts
  1249 | D:1      | Learned a level 3 spell: Ozocubu's Armour
  1350 | D:2      | Reached skill level 1 in Short Blades
  1351 | D:2      | Found a sacrificial altar of Ru.
  1585 | D:2      | Reached XP level 4. HP: 24/24 MP: 7/11
  2136 | D:2      | Noticed Sigmund
  2185 | D:2      | Killed Sigmund
  2185 | D:2      | Reached skill level 5 in Spellcasting
  2185 | D:2      | Reached XP level 5. HP: 9/28 MP: 5/14
  2587 | D:2      | Reached XP level 6. HP: 32/32 MP: 15/15
  4139 | D:4      | Reached skill level 5 in Stealth
  4139 | D:4      | Reached XP level 7. HP: 37/37 MP: 16/18
  4190 | D:4      | Found a transporter.
  4207 | D:4      | Found a one-way gate to the infinite horrors of the Abyss.
  4207 | D:4      | Noticed timneilson's ghost (novice HOFi)
  4239 | D:4      | Noticed a toenail golem
  4260 | D:4      | Killed from afar by an orc priest

Illustrated notes

Levels and vault maps discovered:
D:1:      erik_arrival_triangle_small, layout_rooms,
          hangedman_abyss_or_decor_stabs
D:2:      layout_rooms, minmay_misc_feat_secret_circle, hangedman_ru_absence,
          uniq_sigmund
D:3:      layout_loops_ring
D:4:      layout_cave_pools, gammafunk_temple_overflow_arena,
          okawaru_altar_gauntlet_db, gammafunk_ghost_abyssal_escape, uniq_robin

Skill      XL: |  1  2  3  4  5  6 |
---------------+-------------------+-----
Ice Magic      | 5 6 |  6.2
Short Blades   | 1 |  1.9
Stealth        | 3 4 5 |  5.0
Dodging        | 3 |  3.8
Spellcasting   | 5 6 |  6.1
Fighting       | |  0.5

Action                   |  1- 3 |  4- 6 |  7- 9 || total
-------------------------+-------+-------+-------++-------
Melee: Short sword       |    23 |       |       ||    23
       Dagger            |    43 |   117 |     3 ||   163
 Cast: Freeze            |    20 |     2 |     2 ||    24
       Frozen Ramparts   |     4 |    11 |     1 ||    16
  Use: Potion            |       |     1 |       ||     1
 Stab: Sleeping          |     2 |     7 |       ||     9
       Distracted        |       |     1 |     1 ||     2
Armor: Robe              |    20 |    18 |       ||    38
Dodge: Dodged            |    52 |    68 |     2 ||   122

Table legend: (Time is in decaauts)
 A = Elapsed time spent in this place.
 B = Non-inter-level travel time spent in this place.
 C = Inter-level travel time spent in this place.
 D = Time resting spent in this place.
 E = Time spent auto-exploring this place.
 F = Levels seen in this place.
 G = Mean time per level.
                   A        B        C        D        E       F      G
               +--------+--------+--------+--------+--------+-----+--------+
         Total |   4251 |   4171 |     80 |    759 |   2802 |   4 | 1062.8 |
       Dungeon |   4251 |   4171 |     80 |    759 |   2802 |   4 | 1062.8 |
               +--------+--------+--------+--------+--------+-----+--------+

Top non-repeatable levels by time:
     D:2: 1473 daAuts
     D:1: 1338 daAuts
     D:3: 1121 daAuts
     D:4: 317 daAuts
